 Dungeon Crawl Stone Soup version 0.29-a0-925-g0a7a3d12f8 (webtiles) character file.

Game seed: 10335165737786246772

355 zeratav the Stinger (level 6, -1/36 HPs)
             Began as an Octopode Venom Mage on July 29, 2022.
             Slain by a gnoll bouda
             ... wielding a +0 whip
              (7 damage)
             ... on level 4 of the Dungeon.
             The game lasted 00:06:50 (5404 turns).

zeratav the Stinger (Octopode Venom Mage)           Turns: 5404, Time: 00:06:50

Health: -1/36      AC:  1    Str:  7    XL:     6   Next: 63%
Magic:  3/9        EV: 13    Int: 20    God:
Gold:   160        SH:  0    Dex: 12    Spells: 2/9 levels left

rFire   . . .      SeeInvis .   b - +0 whip {mace}
rCold   . . .      Faith    .   (no shield)
rNeg    . . .      Spirit   .   (helmet restricted)
rPois   .          Reflect  .   (no amulet)
rElec   .          Harm     .   (no ring)
rCorr   .          Rampage  .   (no ring)
Will    .....                   (no ring)
Stlth   ++++......              (no ring)
HPRegen 0.12/turn               (no ring)
MPRegen 0.11/turn               (no ring)
                                (no ring)
                                (no ring)

@: weakened
A: almost no armour, amphibious, 8 rings, camouflage 1, gelatinous body 1,
(nimble swimmer 1), tentacles
a: no special abilities


You were on level 4 of the Dungeon.
You visited 1 branch of the dungeon, and saw 4 of its levels.

You collected 160 gold pieces.


Innate Abilities, Weirdness & Mutations

You cannot wear most types of armour.
You are amphibious.
You can wear up to eight rings at the same time.
Your skin changes colour to match your surroundings (Stealth+).
Your rubbery body absorbs attacks. (AC +1, EV +1)
((You are camouflaged when in or above water. (Stealth+)))
You have tentacles for arms and can constrict up to eight enemies at once.


   Skills:
 - Level 2.0 Dodging
 - Level 5.0 Stealth
 - Level 2.0 Spellcasting
 - Level 1.0 Transmutations
 + Level 7.9 Poison Magic


You had 2 spell levels left.
You knew the following spells:

 Your Spells              Type           Power      Damage    Failure   Level
a - Sting                 Tmut/Pois      76%        1d6       2%          1
b - Poisonous Vapours     Pois/Air       34%        N/A       4%          2
c - Olgreb's Toxic Radia  Pois           33%        N/A       6%          4

Your spell library contained the following spells:

 Spells                   Type           Power      Damage    Failure   Level
 Apportation              Tloc           4%         N/A       16%         1
 Necrotise                Necr           8%         1d4       16%         1
 Summon Small Mammal      Summ           8%         N/A       16%         1
 Passwall                 Tmut/Erth      3%         N/A       19%         2
 Ensorcelled Hibernation  Hex/Ice        4%         N/A       24%         2
 Ignite Poison            Fire/Tmut/Pois 13%        N/A       14%         3
 Mephitic Cloud           Conj/Pois/Air  12%        N/A       16%         3
 Call Canine Familiar     Summ           2%         N/A       43%         3
 Conjure Flame            Conj/Fire      2%         6-21      43%         3
 Portal Projectile        Hex/Tloc       4%         N/A       43%         3
 Summon Guardian Golem    Hex/Summ       2%         N/A       43%         3
 Swiftness                Air            2%         N/A       43%         3
 Leda's Liquefaction      Hex/Erth       1%         N/A       83%         4
 Sticky Flame             Conj/Fire      2%         2d3       83%         4
 Borgnjor's Revivificati  Necr           1%         N/A       100%        8
 Necromutation            Tmut/Necr      2%         N/A       100%        8
 Death's Door             Necr           1%         N/A       100%        9

Inventory:

Hand Weapons
 b - a +0 whip (weapon) {mace}
   (You found it on level 1 of the Dungeon)
 n - a +1 dagger of venom {short}
   (You took it off a kobold on level 4 of the Dungeon)
Scrolls
 f - a scroll of immolation {!r!r}
 i - 2 scrolls of blinking {!r}
 j - 3 scrolls of teleportation {@r4}
Potions
 d - 2 potions of mutation {unknown}
 e - 3 potions of heal wounds {unknown}
 g - a potion of curing {unknown}
 h - a potion of brilliance {unknown}
 k - a potion of attraction {unknown}
 o - 2 potions of flight {unknown}
 p - a potion of lignification {unknown}

Dungeon Overview and Level Annotations

Branches:
Dungeon (4/15) Zot: 18585
 Temple: D:4-7

Altars:
Cheibriados
Uskayaw

Shops:
D:2

( ..#######......# #..#.....###
........#.).g..#######........#(.
........#.....................#..
........#.[......######.......###
........#......#.....##..........
...#########'###..#.###...)..#.##
..## #.# #g.........####...
#.###### #.###.##.#.....# #.##
......)#####.?.g@....[))..## #.##
.......)).).########..)....###..#
............'....................
............########....##..###..
............# #.....###.###..
#######.....# ##....# #..##..
#.....# #....# ##.##.. #######
#....# #..#.. #....#####.#..


You could see a gnoll bouda (very poisoned) and a gnoll (swift).


Message History

You kill the gnoll!
HP[+1] MP[+1] HP[+1] MP[+1] HP[+1] HP[+1] MP[+1]
Your mp is fully restored (9).
There is a stone staircase leading up here.
You climb upwards.
There is a stone staircase leading down here.
You start resting.
HP[+29]
Your hp is fully restored (36).
You climb downwards.
There is a stone staircase leading up here.
As you read the scroll labelled JANGAY MAIHIR, it crumbles to dust.
It is a scroll of identify.
f - a scroll of immolation
As you read the scroll of identify {@r1}, it crumbles to dust.
i - 2 scrolls of blinking
As you read the scroll of identify {@r1}, it crumbles to dust.
j - 3 scrolls of teleportation
As you read the scroll of identify {@r1}, it crumbles to dust.
l - a scroll of noise
Okay, then.
Autopickup disabled for scrolls of noise.
You drop a scroll of noise {!r}.
As you read the scroll labelled FAIMIT ZOUPS, it crumbles to dust.
Your body is wracked with pain!
It was a scroll of torment.
HP[-17]
You take 17 damage, and now have 19/36 hp.
MASSIVE DAMAGE!! (PAUSE)
You start resting.
A gnoll bouda is nearby!
HP[+3]
You regained 3 hp, and now have 22/36 hp.
HP[+1]
There is a stone staircase leading up here.
You climb upwards.
There is a stone staircase leading down here.
You start resting.
HP[+13]
Your hp is fully restored (36).
You climb downwards.
There is a stone staircase leading up here.
Casting: Olgreb's Toxic Radiance (quite dangerous; 6% risk of failure)
Confirm with . or Enter, or press ? or * to list all spells.
The spell is quite dangerous to miscast (6% risk of failure)!
Continue anyway?
You begin to radiate toxic energy.
The gnoll bouda is poisoned.
MP[-4]
You lost 4 mp, and now have 5/9 mp.
The gnoll bouda looks even sicker.
Your toxic aura wanes.
The gnoll bouda gazes fiercely through you!
You feel your attacks grow feeble.
The gnoll bouda hits you with a +0 whip!
HP[-13]
You take 13 damage, and now have 23/36 hp.
MASSIVE DAMAGE!! (PAUSE)
Casting: Olgreb's Toxic Radiance (quite dangerous; 6% risk of failure)
Confirm with . or Enter, or press ? or * to list all spells.
Aiming: Poisonous Vapours (safe; 4% risk of failure)
Press: ? - help, Dir - move target, f - gnoll bouda
Aim: a gnoll bouda, wielding a +0 whip and wearing a +0 leather armour (lightly wounded, very poisoned) Poisonous vapours surround the gnoll bouda!
The gnoll bouda looks even sicker.
The gnoll bouda barely misses you.
MP[-2]
You lost 2 mp, and now have 3/9 mp.
The gnoll bouda attacks as you move away!
The gnoll bouda hits you with a +0 whip!
* * * LOW HITPOINT WARNING * * *
The gnoll bouda gazes fiercely through you!
You feel as though you will be weak longer.
There is a stone staircase leading up here.
HP[-10]
You take 10 damage, and now have 13/36 hp.
MASSIVE DAMAGE!! (PAUSE)
You hit the gnoll bouda. You grab the gnoll bouda.
You squeeze the gnoll bouda, but do no damage.
You constrict the gnoll bouda, but do no damage.
The gnoll bouda barely misses you.
You hit the gnoll bouda but do no damage.
You constrict the gnoll bouda.
The gnoll bouda barks out a call to the hunt!
The gnoll picks up the pace!
HP[+1]
You hit the gnoll bouda. You squeeze the gnoll bouda.
You constrict the gnoll bouda, but do no damage.
The gnoll bouda hits you with a +0 whip!
* * * LOW HITPOINT WARNING * * *
The gnoll barely misses you.
HP[-8]
You take 8 damage, and now have 6/36 hp.
MASSIVE DAMAGE!! (PAUSE)
You hit the gnoll bouda but do no damage.
You constrict the gnoll bouda.
The gnoll bouda hits you with a +0 whip!
You die...

Skill      XL: |  1  2  3  4  5 |
---------------+----------------+-----
Stealth        | 3 4 5 |  5.0
Poison Magic   | 4 6 7 |  7.9
Dodging        | |  2.0
Spellcasting   | |  2.0
Transmutations | |  1.0

Action                   |  1- 3 |  4- 6 || total
-------------------------+-------+-------++-------
Melee: Whip              |    27 |    57 ||    84
       Constrict         |     9 |    13 ||    22
       Tentacles         |     6 |    17 ||    23
 Cast: Sting             |    61 |    60 ||   121
       Poisonous Vapours |       |     7 ||     7
       Olgreb's Toxic Ra |       |     7 ||     7
Evoke: Wand              |       |     3 ||     3
  Use: Scroll            |       |     5 ||     5
       Potion            |       |     1 ||     1
 Stab: Sleeping          |       |     3 ||     3
Armor: Skin              |     5 |     4 ||     9
Dodge: Dodged            |    38 |    75 ||   113

Levels and vault maps discovered:
D:1:      dpeg_arrival_tiny_a, layout_loops_ring, basic_ecumenical_altar,
          minmay_strange_pillars
D:2:      layout_basic, serial_shops, nicolae_shop_statue_plus
D:3:      layout_loops_ring, cheibrodos_worm_habitat, minmay_rat_hole
D:4:      layout_basic, dancing_weapons_uskayaw,
          mainiacjoe_overflow_six_doors_small

Notes
Turn   | Place    | Note
-------+----------+-------------------------------------------
     0 | D:1      | zeratav the Octopode Venom Mage began the quest for the
                  | Orb.
     0 | D:1      | Reached XP level 1. HP: 11/11 MP: 3/3
     0 | D:1      | magus.rc [v1.9.6]
   112 | D:1      | Reached skill level 3 in Stealth
   211 | D:1      | Reached XP level 2. HP: 14/17 MP: 0/5
   217 | D:1      | Reached skill level 4 in Poison Magic
   509 | D:1      | Learned a level 2 spell: Poisonous Vapours
   560 | D:1      | Reached XP level 3. HP: 13/21 MP: 0/6
   735 | D:1      | Reached skill level 4 in Stealth
   741 | D:1      | Found a faded altar of an unknown god.
  1297 | D:2      | You add the spells Borgnjor's Revivification, Necromutation
                  | and Death's Door to your library.
  1632 | D:2      | Found Zianear's Weapon Emporium.
  1739 | D:2      | You pick up a book of Callings and begin reading...
  1739 | D:2      | You add the spells Summon Small Mammal, Call Canine
                  | Familiar and Summon Guardian Golem to your library.
  1832 | D:2      | Reached XP level 4. HP: 16/27 MP: 1/7
  2280 | D:2      | You pick up a book of Cantrips and begin reading...
  2280 | D:2      | You add the spells Necrotise and Apportation to your
                  | library.
  2297 | D:2      | You add the spells Conjure Flame, Ignite Poison and Sticky
                  | Flame to your library.
  2303 | D:2      | Learned a level 4 spell: Olgreb's Toxic Radiance
  2666 | D:3      | Found a snail-covered altar of Cheibriados.
  3089 | D:3      | You pick up a book of Burglary and begin reading...
  3089 | D:3      | You add the spells Passwall, Ensorcelled Hibernation and
                  | Swiftness to your library.
  3110 | D:3      | Reached skill level 5 in Poison Magic
  3278 | D:3      | Reached skill level 5 in Stealth
  4066 | D:4      | Noticed a phantom
  4072 | D:4      | Killed a phantom
  4073 | D:4      | Reached skill level 6 in Poison Magic
  4073 | D:4      | Reached XP level 5. HP: 31/31 MP: 8/8
  4163 | D:4      | Reached skill level 7 in Poison Magic
  4163 | D:4      | Reached XP level 6. HP: 33/36 MP: 1/9
  4488 | D:4      | Noticed a +0 dagger
  4488 | D:4      | Noticed a +0 dagger
  4491 | D:4      | Found a hide-covered altar of Uskayaw.
  4515 | D:4      | Identified the +2 leather armour of the Constellations
                  | {MP+9 Int+7 Slay-5}
  4586 | D:4      | You pick up a book of the Hunter and begin reading...
  4586 | D:4      | You add the spells Portal Projectile and Leda's
                  | Liquefaction to your library.
  4972 | D:4      | HP: 9/36 [kobold/+0 dagger[a gnoll] (4)]
  4975 | D:4      | HP: 3/36 [gnoll/+0 spear[a gnoll bouda] (2)]
  5403 | D:4      | HP: 6/36 [gnoll bouda/+0 whip (8)]
  5404 | D:4      | Slain by a gnoll bouda

Vanquished Creatures
  A phantom (D:4)
  A necrophage (D:4)
  A jelly (D:4)
  5 gnolls (D:4)
  3 adders
  2 worms
  3 dart slugs
  5 orcs (D:4)
  7 bats
  4 endoplasms
  5 giant cockroaches
  2 hobgoblins
  14 jackals
  8 kobolds
  4 quokkas
  4 ball pythons
  2 frilled lizards
  9 goblins
  23 rats
103 creatures vanquished.

Table legend:
 A = Non-vault XP
 B = Vault XP
 C = Vault XP percentage of total XP
 D = Non-vault monster count
 E = Vault monster count
 F = Vault count percentage of total count
                 A         B        C        D         E       F
            +---------+---------+-------+---------+---------+-------
      Total |     483 |      25 |   4.9 |      83 |      20 |  19.4
            +---------+---------+-------+---------+---------+-------
        D:1 |      47 |       0 |   0.0 |      28 |       0 |   0.0
        D:2 |      39 |       0 |   0.0 |      13 |       0 |   0.0
        D:3 |      42 |      25 |  37.3 |      19 |      20 |  51.3
        D:4 |     355 |       0 |   0.0 |      23 |       0 |   0.0
            +---------+---------+-------+---------+---------+-------

Illustrated notes

Table legend:
 A = Kills in this place as a percentage of kills in entire the game.
 B = Kills by you in this place as a percentage of kills by you in the entire game.
 C = Kills by friends in this place as a percentage of kills by friends in the entire game.
 D = Other kills in this place as a percentage of other kills in the entire game.
 E = Experience gained in this place as a percentage of experience gained in the entire game.
 F = Experience gained in this place divided by the number of levels of this place that you have seen.
                   A       B       C       D       E      F
               +-------+-------+-------+-------+-------+----------------------
         Total | 100.0 | 100.0 |   N/A |   N/A | 100.0 | 127.0
       Dungeon | 100.0 | 100.0 |   N/A |   N/A | 100.0 | 127.0
               +-------+-------+-------+-------+-------+----------------------

Table legend: (Time is in decaauts)
 A = Elapsed time spent in this place.
 B = Non-inter-level travel time spent in this place.
 C = Inter-level travel time spent in this place.
 D = Time resting spent in this place.
 E = Time spent auto-exploring this place.
 F = Levels seen in this place.
 G = Mean time per level.
                   A        B        C        D        E       F      G
               +--------+--------+--------+--------+--------+-----+--------+
         Total |   5413 |   5337 |     76 |    837 |   3810 |   4 | 1353.2 |
       Dungeon |   5413 |   5337 |     76 |    837 |   3810 |   4 | 1353.2 |
               +--------+--------+--------+--------+--------+-----+--------+

Top non-repeatable levels by time:
     D:3: 1924 daAuts
     D:1: 1293 daAuts
     D:2: 1194 daAuts
     D:4: 1000 daAuts
